[Event "*** Titled Tuesday Blitz"]
[Site "Chess.com"]
[Date "2020.05.05"]
[Round "2"]
[White "BaMBoMaTTo"]
[Black "Witaliss"]
[Result "1-0"]
[WhiteElo "2677"]
[BlackElo "2468"]
[TimeControl "180+1"]
[EndTime "10:20:21 PDT"]
[Termination "BaMBoMaTTo won on time"]

1. d4 c6 2. c4 Nf6 3. Nf3 d5 4. e3 a6 5. Ne5 Nfd7 6. cxd5 Nxe5 7. dxe5 Qxd5 8. Qxd5 cxd5 9. Nc3 e6 10. e4 d4 11. Na4 Nd7 12. b3 b5 13. Nb2 Nxe5 14. Nd3 Nxd3+ 15. Bxd3 e5 16. a4 bxa4 17. Rxa4 Bd6 18.
Bd2 Ke7 19. Ke2 Rb8 20. b4 Bd7 21. Rxa6 Bxb4 22. Rd1 Bxd2 23. Rxd2 Rhc8 24. Ra7 Kd6 25.
Rda2 Rb6 26. R2a6 Rcc6 27. Ra2 Rc7 28. R7a6 Rxa6 29. Rxa6+ Rc6 30. Ra5 Rc5 31. Ra6+ Ke7 32. Ra7 h6 33. g3 Kd6 34. f4 f6 35. Kd2 exf4 36. gxf4 g5 37. Ra6+ Ke7 38. fxg5 Rxg5 39. Bc4 Rh5 40. Kd3 Rxh2 41. Kxd4 Rd2+ 42. Ke3 Rd6 43.
Ra7 h5 44. Kf4 Kd8 45. Ra8+ Kc7 46. Rh8 Bg4 47. Bf7 Rd4 48. Bxh5 Bxh5 49. Rxh5 Kd6 50. Ra5 Ke6 51. Ra6+ Kf7 52. Kf5 Ke7 53. Ra7+ Kd6 54.
Ra8 Ke7 55. Ra7+ Kd6 56. Rf7 Rd1 57. Rxf6+ Ke7 58. Ra6 Rf1+ 59. Ke5 Rb1 60. Ra7+ Ke8 61. Ke6 Rb6+ 62. Kf5 Rc6 63. e5 Rb6 64. Rg7 Rc6 65. Rb7 Ra6 66. Ke4 Rc6 67. Kd5 Rh6 68. Rg7 Kf8 69. Ra7 Ke8 70. Ra8+ Ke7 71. Rg8 Ra6 72.
Rg7+ Ke8 73. Rb7 1-0

[Event "*** Titled Tuesday Blitz"]
[Site "Chess.com"]
[Date "2020.05.05"]
[Round "2"]
[White "lolo9292"]
[Black "BlackBoarder"]
[Result "1/2-1/2"]
[WhiteElo "2507"]
[BlackElo "2715"]
[TimeControl "180+1"]
[EndTime "10:20:25 PDT"]
[Termination "Game drawn - insufficient material"]

1. d4 e6 2. c4 Nf6 3. Nc3 Bb4 4. Nf3 b6 5. e3 O-O 6. Bd2 c5 7. a3 Ba5 8. Bd3 d5 9. dxc5 bxc5 10. cxd5 exd5 11.
O-O Nc6 12. Qe2 Rb8 13. Rab1 Bg4 14. h3 Bh5 15. Rfd1 Re8 16. g4 Bg6 17. Bxg6 hxg6 18.
Na4 Bb6 19. Rbc1 Ne4 20. Be1 Qd6 21. Nc3 Nxc3 22. Bxc3 d4 23. Be1 Qf6 24. Kg2 dxe3 25. fxe3 Re6 26. Bc3 Qe7 27. Re1 Re8 28. Kf2 c4 29. Qxc4 Rxe3 30. Kg2 Re2+ 31. Kh1 Nd8 32. Rxe2 Qxe2 33. Qxe2 Rxe2 34. Re1 Rxe1+ 35. Nxe1 Ne6 36. Nd3 f5 37. Kg2 Bd4 38. Bd2 Kf7 39. b4 a6 40. Kf3 Kf6 41. a4 Nc7 42. g5+ Kf7 43. h4 Nd5 44. Nf4 Nxf4 45. Bxf4 Ke6 46. b5 axb5 47.
axb5 Kd5 48. Be3 Bxe3 49. Kxe3 Kc5 50. Kf4 Kxb5 51. h5 gxh5 52. Kxf5 g6+ 53. Kxg6 h4 54. Kf6 h3 55. g6 h2 56. g7 h1=Q 57.
g8=Q Qf3+ 58. Ke7 Qe4+ 59. Kd7 Qd4+ 60. Kc7 Qc5+ 61. Kb8 Qb6+ 62. Ka8 Qc6+ 63. Kb8 Qd6+ 64. Ka8 Kc6 65. Qc8+ Qc7 66. Qa6+ Qb6 67. Qc4+ Qc5 68. Qe6+ Kb5 69. Kb7 Kb4 70. Qe1+ Qc3 71. Qe4+ Kb3 72. Qb1+ Kc4 73. Ka6 Qa3+ 74. Kb7 Qb4+ 75. Qxb4+ Kxb4 1/2-1/2

[Event "*** Titled Tuesday Blitz"]
[Site "Chess.com"]
[Date "2020.05.05"]
[Round "2"]
[White "PavlovDanila"]
[Black "lupta_robin"]
[Result "1/2-1/2"]
[WhiteElo "2713"]
[BlackElo "2500"]
[TimeControl "180+1"]
[EndTime "10:20:25 PDT"]
[Termination "Game drawn - insufficient material"]

1. e4 g6 2. d4 Nf6 3. Nc3 d5 4. e5 Ne4 5. Nce2 f6 6. f3 Ng5 7. f4 Ne4 8. Ng3 Nxg3 9. hxg3 Bf5 10. Bd3 Bxd3 11. Qxd3 fxe5 12. fxe5 e6 13. Nf3 Be7 14. Be3 Nc6 15. O-O-O Qd7 16. Ng5 Nb4 17. Qb3 a5 18. Nxh7 a4 19. Qxb4 Bxb4 20. Nf6+ Ke7 21. Nxd7 Kxd7 22.
Rdf1 Raf8 23. a3 Be7 24. Kd2 b6 25. Ke2 c5 26. Rxf8 Rxh1 27. Rb8 Kc7 28. Ra8 Rb1 29. Rxa4 Rxb2 30. Ra7+ Kd8 31. Kd2 c4 32. Kc1 c3 33.
a4 Ra2 34. Kd1 b5 35. a5 b4 36. Bc1 b3 37. cxb3 Bb4 38. a6 c2+ 39. Ke2 Ra1 40.
Ra8+ Kc7 41. a7 Kb7 42. Rb8+ Kxa7 43. Rxb4 Rxc1 44. Kd2 Rg1 45. Kxc2 Rxg2+ 46. Kc1 Rxg3 47. Kb2 Rd3 48. Kc2 Rg3 49. Rb5 g5 50. Rc5 Kb6 51.
Rc8 Rg4 52. Kc3 Rg3+ 53. Kb4 Rd3 54. Re8 Rxd4+ 55. Kc3 Re4 56. Rxe6+ Kc5 57. Kd3 Rd4+ 58. Kc3 Re4 59. Kd3 g4 60. Rg6 Rxe5 61. Rxg4 Rh5 62.
Rg3 Rh4 63. Kc3 d4+ 64. Kb2 Kb4 65. Rg2 Rh3 66. Rd2 Rxb3+ 67. Kc2 Rc3+ 68. Kb2 Kc4 69. Rd1 d3 70. Rd2 Kd4 71. Rh2 Rc8 72. Rh4+ Ke3 73.
Rh3+ Ke4 74. Rh4+ Kf5 75. Rh5+ Kf4 76. Rh4+ Ke3 77. Rh3+ Ke2 78. Rh2+ Kf1 79. Rh1+ Kg2 80. Rd1 Rd8 81. Kc3 d2 82. Rxd2+ Rxd2 83. Kxd2 1/2-1/2

[Event "*** Titled Tuesday Blitz"]
[Site "Chess.com"]
[Date "2020.05.05"]
[Round "2"]
[White "Nbk90"]
[Black "731291"]
[Result "1/2-1/2"]
[WhiteElo "2485"]
[BlackElo "2686"]
[TimeControl "180+1"]
[EndTime "10:20:27 PDT"]
[Termination "Game drawn by repetition"]

1. Nf3 c5 2. g3 Nc6 3. Bg2 e5 4. d3 g6 5. O-O Bg7 6. c4 Nge7 7.
Nc3 O-O 8. a3 d6 9. Rb1 a5 10.
Bg5 f6 11. Bd2 Be6 12. Ne1 d5 13. cxd5 Nxd5 14. Nc2 Rb8 15. Ne3 Nde7 16. Ne4 b6 17.
b4 cxb4 18. axb4 Nxb4 19. Bxb4 axb4 20. Rxb4 Nc6 21. Nxf6+ Bxf6 22. Bxc6 Qd6 23. Qa4 Bg5 24. Rbb1 Bf7 25. Nc4 Qc5 26. Qb5 Bxc4 27. Qxc4+ Qxc4 28. dxc4 Be7 29. Rfd1 Bc5 30. e3 Rfd8 31. Kf1 Kf7 32. Ke2 Ke7 33. Rxd8 Rxd8 34. Ra1 Kd6 35. Be4 Rd7 36.
h4 Ke7 37. h5 Kf6 38. hxg6 hxg6 39. Rh1 Ra7 40. Rh6 Rg7 41. f4 exf4 42. gxf4 Re7 43. Kf3 Rg7 44. Bd3 Kf7 45. e4 Rg8 46. e5 Rg7 47. Be4 Rg8 48. Kg4 Rg7 49. Bd3 Be3 50.
Be4 Bd2 51. Bd5+ Ke7 52. Be4 Kf7 53. Rh2 Be3 54. Rh8 Ke7 55. Bd5 Bd2 56. Kg5 Be3 57. Kg4 Bd2 58. Kf3 Bc1 59. Ke4 Bd2 60. Rb8 Ba5 61. Rb7+ Kf8 62. Rxg7 Kxg7 63. Bc6 Bb4 64. Be8 Bd2 65. Kf3 Bc1 66. Kg4 Kh6 67. Bf7 Bd2 68. Bd5 Bc1 69. Be4 Bd2 70. Bd5 Bc1 71. Bc6 Bd2 72. Be8 Bc1 73. Kf3 Kg7 74. Ke4 Bd2 75. Kf3 Bc1 1/2-1/2

[Event "*** Titled Tuesday Blitz"]
[Site "Chess.com"]
[Date "2020.05.05"]
[Round "2"]
[White "kingofthenil"]
[Black "MikeKorovin"]
[Result "1-0"]
[WhiteElo "2475"]
[BlackElo "2652"]
[TimeControl "180+1"]
[EndTime "10:20:31 PDT"]
[Termination "kingofthenil won by checkmate"]

1. d4 Nf6 2. c4 e6 3. Nc3 Bb4 4. a3 Bxc3+ 5. bxc3 O-O 6. f3 d6 7. e4 e5 8. Bd3 c5 9. Ne2 Nc6 10. O-O cxd4 11. cxd4 exd4 12. Bb2 Re8 13. Rb1 Qa5 14. Nxd4 Qc5 15. Be2 Be6 16. Kh1 Rab8 17. Nb5 a6 18.
Qxd6 Qe3 19. Nc3 Rbd8 20. Qg3 Nh5 21. Qh4 Nf4 22. Bc1 Qxc3 23. Bxf4 Nd4 24. Qf2 Qc2 25. Rfe1 Nxe2 26. Qxe2 Qxe2 27. Rxe2 Bxc4 28. Rd2 b5 29. Rbd1 Rxd2 30. Rxd2 f6 31. h3 Re7 32. Rd6 a5 33. Bd2 a4 34. Bb4 Kf7 35. Rd4 Re6 36. Kh2 Kg6 37. Rd7 h5 38. Bf8 Kh7 39. Rxg7+ Kh8 40. Rc7 Ra6 41. Bc5 Kg8 42. Bb4 Re6 43. h4 Ra6 44. Kg3 Kh8 45. Kf4 Be6 46. g4 hxg4 47. fxg4 Kg8 48. h5 Bf7 49. Kf5 Be6+ 50. Kxf6 Bxg4+ 51. Kg5 Bf3 52. e5 Be4 53. h6 Bd3 54. Rg7+ Kh8 55. Be7 Bf5 56. Kxf5 Rxh6 57. Rg6 Rh5+ 58. Rg5 Rh3 59. Bf6+ Kh7 60. Rg7+ Kh6 61. Rg8 Rf3+ 62. Ke6 Rxa3 63. Kf7 Kh5 64. Rg5+ Kh4 65. e6 Kh3 66. e7 Re3 67. Re5 Rc3 68. e8=Q Rg3 69. Ke7 b4 70. Qh5+ Kg2 71. Re2+ Kf1 72. Qh2 Rg2 73. Qxg2# 1-0

[Event "*** Titled Tuesday Blitz"]
[Site "Chess.com"]
[Date "2020.05.05"]
[Round "2"]
[White "Bigfish1995"]
[Black "aNaartjieZA"]
[Result "1-0"]
[WhiteElo "3114"]
[BlackElo "2595"]
[TimeControl "180+1"]
[EndTime "10:20:35 PDT"]
[Termination "Bigfish1995 won by resignation"]

1. d4 Nf6 2. c4 c5 3. d5 e5 4. Nc3 d6 5. e4 Be7 6. Be2 Nbd7 7. f4 O-O 8. f5 a6 9. g4 Ne8 10. Nf3 Bh4+ 11. Kf1 h6 12. Rg1 Bg5 13. Nxg5 hxg5 14. Qd2 f6 15. h4 gxh4 16. g5 fxg5 17. Rxg5 Ndf6 18. Qe1 b5 19. Qxh4 Bd7 20. Be3 Nh7 21.
Rh5 Qxh4 22. Rxh4 bxc4 23. Bxc4 Nef6 24. Ke2 Rab8 25. b3 Bb5 26. Nxb5 axb5 27. Bd3 b4 28. Rah1 Ra8 29. Bb1 Rf7 30. Kd1 Rfa7 31. R1h2 Rc7 32.
Kc1 Rac8 33. Bd3 Ra8 34. Bb5 Rca7 35. Kb1 Rf8 36. Bc4 Rb8 37. Be2 Rba8 38. Bf3 Ra3 39.
Bc1 R3a7 40. Rg2 Rc7 41. Be2 Rca7 42. Bc4 Kf7 43. Rgh2 Kg8 44. Bb5 Ra5 45. Bc6 Rf8 46. Bd7 Nxd7 47. Rxh7 Nf6 48. R7h4 Kf7 49. Bg5 Raa8 50.
Bxf6 Kxf6 51. Rg4 Kf7 52. Rh7 Rg8 53. Rg6 Rad8 54. Kc2 Rd7 55. Kd3 Ra7 56. Rg2 Rb7 57.
Kc4 Kf8 58. f6 Rf7 59. fxg7+ Ke7 60. Kd3 Kd7 61. Ke3 Ke7 62. Rg6 Kd7 63. Ke2 Ke7 64. Kd3 Kd7 65. Kc4 Kc7 66. Rhh6 Rd7 67. Rh7 Rf7 68. Rg4 Kd7 69. Kd3 Ke7 70. Ke3 Kd7 71.
Rg6 Ke7 72. Re6+ Kd7 73. Rhh6 Rfxg7 74. Rxd6+ Kc7 75. Rc6+ Kb7 76. Kd3 Rg3+ 77. Kc4 Rc3+ 78. Kb5 Rb8 79. Rh7+ Ka8+ 80. Ka5 Rb7 81. Rxb7 Kxb7 82.
Kb5 Rc2 83. Rxc5 Rxa2 84. Kxb4 Re2 85. Rc4 1-0

[Event "*** Titled Tuesday Blitz"]
[Site "Chess.com"]
[Date "2020.05.05"]
[Round "2"]
[White "agrigo3"]
[Black "SketchyMoves"]
[Result "1-0"]
[WhiteElo "2335"]
[BlackElo "2611"]
[TimeControl "180+1"]
[EndTime "10:20:35 PDT"]
[Termination "agrigo3 won by resignation"]

1. Nf3 Nf6 2. g3 b6 3. Bg2 Bb7 4. O-O c5 5. c4 e6 6. b3 Be7 7. Bb2 O-O 8. e3 d6 9. d4 cxd4 10. Bxd4 Nbd7 11. Nbd2 a6 12. Qe2 Qc7 13. Rac1 Rac8 14.
Bb2 Rfd8 15. Rfd1 Qb8 16. Nd4 Bxg2 17. Kxg2 Nc5 18. e4 Qb7 19. f3 Rb8 20. b4 Na4 21.
Ba1 e5 22. Nf5 b5 23. cxb5 axb5 24. Nb3 Bf8 25. Na5 Qa8 26. Nc6 Rd7 27. Nxb8 Qxb8 28. Qc2 Rd8 29. Qc7 Qa8 30. Qc6 Qb8 31. a3 g6 32. Ne3 Bh6 33. Rd3 Qa7 34. Qc7 Qa8 35.
Rcd1 Nxe4 36. fxe4 Rc8 37. Qxd6 Qxe4+ 38. Kf2 Re8 39.
Qd5 Bxe3+ 40. Rxe3 Qg4 41. Rxe5 Rc8 42. Re2 Nc3 43.
Bxc3 Rxc3 44. Qd8+ Kg7 45. Qd4+ Qxd4+ 46. Rxd4 Rxa3 47.
Rd5 h5 48. Rxb5 h4 49. Rb7 hxg3+ 50. hxg3 Rb3 51. Ree7 Kh6 52. Rxf7 Kg5 53. Rf4 Rb2+ 54. Kf3 Rb3+ 55. Kg2 Rb2+ 56. Kh3 Rb1 57. Rb5+ Kh6 58. Kg4 Rc1 59. Rb6 Rc7 60. b5 Rc5 61. Rb7 Rg5+ 62. Kf3 Rc5 63. b6 Kg5 64. Rg4+ Kf5 65. Rf4+ Kg5 66.
Rg4+ Kf5 67. Rf7+ Ke6 68. Rc7 Rb5 69. Rxg6+ Kf5 70. Rh6 Rb3+ 71. Kg2 Kg5 72. Rh4 Rxb6 73. Rd4 Rb3 74. Kh3 Kf5 75. Rc5+ Ke6 76. Rg4 Kf6 77.
Rh4 Rb1 78. Rh6+ Kg7 79. Ra6 Rb7 80. Rcc6 Kf7 81. Kh4 Rd7 82. g4 Rd1 83. g5 Ke7 84.
Kg4 Kd7 85. Rf6 Rg1+ 86. Kf4 Ke7 87. Ra7+ Ke8 88. Rb6 Rf1+ 89. Ke5 Re1+ 90. Kf6 Rf1+ 91. Kg6 Rd1 92. Rb8+ Rd8 93. Rxd8+ Kxd8 94. Kf7 1-0

[Event "*** Titled Tuesday Blitz"]
[Site "Chess.com"]
[Date "2020.05.05"]
[Round "2"]
[White "AlexTriapishko"]
[Black "Megagigahiper3345"]
[Result "1-0"]
[WhiteElo "2746"]
[BlackElo "2516"]
[TimeControl "180+1"]
[EndTime "10:20:37 PDT"]
[Termination "AlexTriapishko won by resignation"]

1. e4 c5 2. Nf3 d6 3. d4 cxd4 4. Nxd4 Nf6 5. Nc3 a6 6. h3 e6 7. g4 h6 8. Bg2 Nfd7 9. b3 Be7 10.
Bb2 O-O 11. Qd2 b5 12. a4 b4 13.
Nce2 Qa5 14. Ng3 Bb7 15. h4 Nc6 16. Nxc6 Bxc6 17. Nh5 Ne5 18. Qe2 f6 19. Nf4 Bd7 20.
Nd3 Rac8 21. f4 Nxd3+ 22. Qxd3 Qc5 23. O-O-O a5 24. Kb1 Rc7 25. Rd2 e5 26. f5 Bc8 27.
Bf3 Bb7 28. Be2 Qb6 29. Bf3 Rfc8 30. Rhd1 Rc5 31. Qe2 Ba6 32. Qg2 Qc7 33. Rh1 Rc3 34.
Be2 Bb7 35. Bb5 Qc5 36. Qe2 Re3 37. Qc4+ Qxc4 38. Bxc4+ Rxc4 39. bxc4 Bxe4 40. Rhd1 Rg3 41. c5 dxc5 42. Rd7 Bf8 43. Rd8 Rg2 44. R1d7 b3 45.
Ba3 bxc2+ 46. Kc1 Rg1+ 47. Kd2 Rd1+ 48. Ke3 Rxd7 49. Rxd7 Bg2 50. Rd8 Kf7 51. Kd2 Bh3 52. Rd7+ Ke8 53. Rc7 Bxg4 54. Rc8+ Kf7 55. Bxc5 Bxc5 56.
Rxc5 Bxf5 57. Rxa5 g5 58. Ra7+ Kg6 59. hxg5 hxg5 60. a5 g4 61. Ra8 Kg5 62. a6 Be4 63.
Rg8+ Kf4 64. a7 f5 65. Rc8 g3 66. Ke2 g2 67. Kf2 Kg5 68. Rc3 f4 69. Rxc2 Kf5 70.
Re2 Bd5 71. Rd2 Ba8 72. Rd8 Be4 73. a8=Q Bxa8 74. Rxa8 Ke4 75. Kxg2 Ke3 76. Ra3+ Ke4 77. Kf2 Kf5 78. Ra5 Ke4 79. Ra4+ Kf5 80. Kf3 e4+ 81. Rxe4 Kg5 1-0

[Event "*** Titled Tuesday Blitz"]
[Site "Chess.com"]
[Date "2020.05.05"]
[Round "2"]
[White "bascheyaro"]
[Black "matiss90"]
[Result "1/2-1/2"]
[WhiteElo "2705"]
[BlackElo "2496"]
[TimeControl "180+1"]
[EndTime "10:20:39 PDT"]
[Termination "Game drawn - insufficient material"]

1. d4 Nf6 2. Nf3 g6 3. Bf4 Bg7 4. e3 d6 5. c4 O-O 6. Nc3 Nfd7 7. Bg3 e5 8. Be2 Nc6 9. O-O f5 10. Bh4 Bf6 11. Bxf6 Nxf6 12. dxe5 dxe5 13. Qxd8 Rxd8 14. Nd5 Nxd5 15. cxd5 Ne7 16. Nxe5 Nxd5 17. Bc4 Kg7 18. Rac1 c6 19. Rfd1 Be6 20. Nd3 Bf7 21. Nc5 b6 22. Na6 Rd7 23. Bxd5 Bxd5 24. Nb4 Rad8 25. f3 c5 26.
Nxd5 Rxd5 27. Rxd5 Rxd5 28. Rc2 Kf6 29. Kf2 Rd1 30.
b3 Ke6 31. Kg3 Re1 32. Kf2 Ra1 33. Rd2 a5 34. h3 b5 35. Kg3 c4 36. bxc4 bxc4 37.
Kf4 a4 38. g4 Rc1 39. gxf5+ gxf5 40. a3 c3 41. Rd4 c2 42. Rc4 h5 43. Rc3 h4 44.
Rc8 Kd7 45. Rc4 Ke6 46. Rc3 Kd5 47. Kxf5 Rf1 48. e4+ Kd4 49. Rxc2 Rxf3+ 50. Kg4 Rxa3 51. Re2 Ke5 52. Kxh4 Rb3 53. Kg4 a3 54. h4 Rb2 55.
Re3 a2 56. Ra3 Rg2+ 57. Kf3 Rh2 58. Ra5+ Kd4 59. h5 Kc3 60. Kg4 Kb2 61. e5 Rg2+ 62. Kf5 Rf2+ 63. Kg6 Rg2+ 64. Kf6 Rf2+ 65. Kg5 Rg2+ 66.
Kf4 Rh2 67. Kg4 a1=Q 68. Rxa1 Kxa1 69. e6 Re2 70. Kf5 Rf2+ 71. Kg5 Re2 72. Kf6 Rf2+ 73. Kg6 Re2 74. Kf7 Rf2+ 75. Kg7 Re2 76. Kf6 Rf2+ 77.
Kg5 Rg2+ 78. Kf5 Rf2+ 79. Ke5 Re2+ 80. Kd6 Rd2+ 81. Kc6 Re2 82. Kd7 Rd2+ 83. Ke8 Rh2 84. e7 Rxh5 85. Kd8 Re5 86. e8=Q Rxe8+ 87. Kxe8 1/2-1/2

[Event "*** Titled Tuesday Blitz"]
[Site "Chess.com"]
[Date "2020.05.05"]
[Round "2"]
[White "Xeniya2005"]
[Black "yoolund"]
[Result "1/2-1/2"]
[WhiteElo "2283"]
[BlackElo "2583"]
[TimeControl "180+1"]
[EndTime "10:20:41 PDT"]
[Termination "Game drawn by stalemate"]

1. e4 c6 2. d4 d5 3. exd5 cxd5 4. Bd3 Nf6 5. c3 Nc6 6. Bf4 Bg4 7. Qb3 Qc8 8. Nd2 e6 9. Ngf3 Be7 10. O-O O-O 11. Rae1 Bf5 12. Bxf5 exf5 13. Ne5 Re8 14. Nxc6 Qxc6 15. Nf3 Nd7 16. Re2 Bf6 17. Rfe1 Rxe2 18. Rxe2 Nb6 19. Qc2 Qd7 20. h3 Nc4 21. Ne5 Bxe5 22.
Bxe5 Re8 23. Bf4 Rxe2 24. Qxe2 Qe6 25. Qxe6 fxe6 26. b3 Na5 27. Kf1 Nc6 28. Ke2 b5 29. Kd3 a6 30. Bd6 Kf7 31. g3 Ke8 32. Bf4 Ke7 33. Bc7 Kd7 34. Bf4 Ke7 35. h4 a5 36.
f3 a4 37. g4 axb3 38. axb3 Na5 39. Kc2 Nc6 40. Kd3 Na5 41. Kc2 Kf6 42. Be5+ Kg6 43.
Bf4 fxg4 44. fxg4 h5 45. gxh5+ Kxh5 46. Bg5 Kg4 47. Be7 Nc6 48. Bg5 e5 49. dxe5 Nxe5 50. Be7 Ng6 51. Bd8 Nxh4 52. Kd3 Nf5 53. c4 bxc4+ 54. bxc4 dxc4+ 55. Kxc4 Nh6 56. Kd5 Kf5 57. Bh4 Ng8 58. Kd4 Nf6 59. Ke3 Kg4 60. Be1 g5 61.
Kf2 Kf5 62. Kg2 Nd5 63. Bg3 Nf4+ 64. Kf3 Ne6 65. Kf2 Nf8 66. Kg2 Nh7 67. Kf2 Nf6 68.
Kf3 Nd5 69. Kg2 Ne7 70. Kf3 Nc6 71. Kf2 Na5 72. Kg2 Nb3 73. Kf3 Nc5 74. Kf2 Ne6 75. Kg2 Kg4 76. Bh2 Nf4+ 77. Bxf4 Kxf4 78. Kf2 Kg4 79.
Kg2 Kh4 80. Kh2 g4 81. Kg2 g3 82. Kg1 Kg4 83. Kg2 Kf4 84. Kg1 Kf3 85. Kf1 g2+ 86. Kg1 Kg3 1/2-1/2

[Event "*** Titled Tuesday Blitz"]
[Site "Chess.com"]
[Date "2020.05.05"]
[Round "2"]
[White "Fighter008"]
[Black "Spartakus1975"]
[Result "1-0"]
[WhiteElo "2535"]
[BlackElo "2741"]
[TimeControl "180+1"]
[EndTime "10:20:42 PDT"]
[Termination "Fighter008 won by checkmate"]

1. e4 e6 2. d4 d5 3. Nc3 Nf6 4. Bg5 Bb4 5. e5 h6 6. Bd2 Bxc3 7. bxc3 Ne4 8. Qg4 Kf8 9. Bd3 Nxd2 10. Kxd2 c5 11.
h4 c4 12. Be2 Bd7 13. Nf3 b5 14. Qf4 a5 15. a3 Nc6 16. Rhb1 b4 17. axb4 axb4 18. cxb4 Rxa1 19. Rxa1 Nxb4 20. Qe3 Kg8 21. Qc3 Nc6 22. g4 f6 23. exf6 Qxf6 24. Qe3 Kf7 25. g5 hxg5 26. Nxg5+ Ke7 27. Qa3+ Ke8 28. Qa8+ Nd8 29.
Nf3 Rxh4 30. c3 Rh3 31. Qb8 Rxf3 32. Bxf3 Qxf3 33. Ra8 Qxf2+ 34. Kd1 Qf1+ 35. Kd2 Qd3+ 36. Ke1 Qxc3+ 37. Kf1 Qd3+ 38. Ke1 Qe3+ 39. Kf1 Qg5 40. Qc7 Qf6+ 41. Kg2 g5 42. Ra7 Qe7 43. Ra1 Nc6 44. Rh1 Nxd4 45. Rh8+ Kf7 46. Rh7+ Kf6 47. Rxe7 Kxe7 48. Qc5+ Kf6 49. Qxd4+ Kf5 50. Kg3 Bc6 51.
Qc5 Be8 52. Qe7 Bg6 53. Qc5 Ke4 54. Kg4 Bf5+ 55. Kxg5 Kd3 56. Kf4 d4 57. Ke5 c3 58.
Qxd4+ Kc2 59. Qa4+ Kd2 60. Qf4+ Kd3 61. Qf3+ Kd2 62.
Qf2+ Kd1 63. Qf1+ Kd2 64. Qg2+ Kd1 65. Qg1+ Kd2 66. Qd4+ Kc2 67. Kf4 Kb3 68. Qb6+ Kc2 69. Ke3 Kc1 70. Qb4 c2 71. Qd2+ Kb1 72. Qb4+ Kc1 73.
Ke2 e5 74. Ke1 Bd3 75. Qd2+ Kb1 76. Qxd3 e4 77. Qb3+ Kc1 78. Ke2 e3 79. Kd3 Kd1 80. Qxc2+ Ke1 81. Qe2# 1-0

[Event "*** Titled Tuesday Blitz"]
[Site "Chess.com"]
[Date "2020.05.05"]
[Round "2"]
[White "AVolodin"]
[Black "Casablanca"]
[Result "1/2-1/2"]
[WhiteElo "2678"]
[BlackElo "2480"]
[TimeControl "180+1"]
[EndTime "10:20:42 PDT"]
[Termination "Game drawn - insufficient material"]

1. d4 Nf6 2. c4 c5 3. d5 e6 4. Nc3 exd5 5. cxd5 d6 6. Nf3 g6 7. Bf4 Bg7 8. Qa4+ Qd7 9. Bxd6 Qxa4 10. Nxa4 Nxd5 11.
O-O-O Nb4 12. a3 N4a6 13. Nxc5 Nxc5 14. Bxc5 Na6 15. Bd4 O-O 16. e3 Bf5 17. Bd3 Rac8+ 18. Kb1 Bxd3+ 19. Rxd3 Nc5 20. Bxc5 Rxc5 21. Rc1 Rxc1+ 22.
Kxc1 Rc8+ 23. Kb1 Rc6 24. Rd8+ Bf8 25. Ne5 Rd6 26. Nd7 Kg7 27. Rxf8 Rxd7 28. Rc8 Rd2 29. Rc2 Rd1+ 30. Ka2 Rh1 31. h3 Rg1 32. g3 g5 33.
Kb3 Rh1 34. Rc5 h6 35. Rc7 Rxh3 36. Rxb7 Rh2 37. Rxa7 Rxf2 38. Rc7 Rf3 39. Rc3 Rxg3 40. a4 h5 41. a5 h4 42. a6 Rg1 43. Ka2 Rd1 44.
Rc5 Kg6 45. Rc6+ f6 46. a7 Rd8 47. b4 h3 48. b5 h2 49. Rc1 g4 50. b6 g3 51. b7 g2 52. b8=Q h1=Q 53. Rxh1 Rxb8 54. Rg1 Ra8 55. Rxg2+ Kf7 56. Kb3 Rxa7 57. Kc4 Rd7 58.
Rf2 Rd1 59. Kc3 Ke6 60. Kc2 Rd8 61. Rf4 Ke5 62. Kc3 f5 63. Rb4 Rd1 64. Ra4 Rd8 65. Kc2 Rd5 66. Rb4 Rd6 67. Kc3 Rd5 68. Kc4 Rd6 69. Kc3 Rc6+ 70. Kd3 Rd6+ 71. Ke2 Rh6 72. Kf3 Rh3+ 73. Kf2 Rh2+ 74. Kg3 Rh1 75. Kg2 Rh7 76.
Kg3 Rg7+ 77. Kf3 Rh7 78. Rb5+ Ke6 79. Ra5 Rh3+ 80. Ke2 Rh4 81. Kd3 Rb4 82. Rc5 Rb3+ 83. Ke2 Rb2+ 84. Kf3 Rb1 85. Ra5 Rf1+ 86. Ke2 Rh1 87.
Kd3 Rh3 88. Kd4 Rh4+ 89. Kd3 Rh3 90. Ke2 Rh2+ 91. Kf3 Rh3+ 92. Kf2 Rh2+ 93. Kg3 Rb2 94. Ra8 Ke5 95. Re8+ Kd5 96. Kf3 Rb1 97. Kf4 Rf1+ 98. Kg5 Kc4 99. Rd8 Rf3 100. Re8 Kd3 101. Re5 Rxe3 102. Rxe3+ Kxe3 103. Kxf5 1/2-1/2

[Event "*** Titled Tuesday Blitz"]
[Site "Chess.com"]
[Date "2020.05.05"]
[Round "2"]
[White "oskariot"]
[Black "dennisodessa"]
[Result "0-1"]
[WhiteElo "2607"]
[BlackElo "2300"]
[TimeControl "180+1"]
[EndTime "10:20:53 PDT"]
[Termination "dennisodessa won on time"]

1. e4 e6 2. d4 d5 3. Nd2 Nf6 4. e5 Nfd7 5. f4 c5 6. c3 Nc6 7. Ndf3 Qb6 8. a3 f6 9. Bd3 Be7 10. Ne2 c4 11. Bc2 Na5 12. Rb1 Nb3 13. Be3 a5 14.
O-O a4 15. Kh1 f5 16. Rg1 h5 17. Ng5 Nf8 18. g3 Bd7 19. Kg2 O-O-O 20. Kf2 Bxg5 21. fxg5 Ng6 22. h4 Be8 23. Bf4 Ne7 24. Ke3 Bg6 25.
Kf2 Kd7 26. Be3 Kc6 27. Nf4 Bf7 28. Qe2 Rdf8 29. Bd1 Kd7 30. Qc2 g6 31. Bf3 Be8 32.
Rbf1 Na5 33. Qxa4+ Kc7 34. Qc2 Nb3 35. Bd1 Ba4 36. Qe2 Kd7 37. Kg2 Rf7 38. Kh2 Rff8 39. Bc2 Rf7 40. Ng2 Rff8 41. Bf4 Rf7 42. Ne3 Rc8 43.
Rf2 Kc7 44. Bd1 Kb8 45. Nc2 Na5 46. Nb4 Nb3 47. Bc2 Ka7 48. Bb1 Rcf8 49. Kg2 Rc8 50.
Kf3 Rcf8 51. Ke3 Nc6 52. Rd1 Nxb4 53. axb4 Kb8 54. Bc2 Kc7 55. Rff1 Ra8 56. Kf3 Ra7 57. Kg2 Rf8 58. Kh2 Rh8 59. Rh1 Bb5 60. Rb1 Qc6 61. Kg2 Ra2 62. Kf2 Qe8 63. Ke3 Qd7 64. Qd1 Ba4 65.
Qe2 Kb6 66. g4 hxg4 67. h5 gxh5 68. Rh4 Qf7 69. Kf2 Qg6 70. Kg3 Bb5 71. Qh2 Raa8 72. Rh1 Ra2 73. Bxb3 cxb3 74. Rxh5 Rxh5 75. Qxh5 Qxh5 76.
Rxh5 Rxb2 77. g6 Be8 78. g7 Bf7 79. Rh6 Rc2 80. Rf6 Bg8 81. Rf8 b2 82. Rxg8 b1=Q 83.
Rf8 Rxc3+ 84. Kh4 Rh3+ 85. Kg5 Qh1 86. g8=Q Rh4 87. Qxe6+ Kb5 0-1

[Event "*** Titled Tuesday Blitz"]
[Site "Chess.com"]
[Date "2020.05.05"]
[Round "2"]
[White "tvjosue"]
[Black "Angry_Twin"]
[Result "1/2-1/2"]
[WhiteElo "2561"]
[BlackElo "2844"]
[TimeControl "180+1"]
[EndTime "10:20:58 PDT"]
[Termination "Game drawn by repetition"]

1. c4 e5 2. d3 Nf6 3. g3 d5 4. cxd5 Nxd5 5. Bg2 Nc6 6. Nf3 Be7 7. O-O Nb6 8. Nc3 O-O 9. Be3 Re8 10. Rc1 Bf8 11.
a3 Nd4 12. Ne4 c6 13. Nxd4 exd4 14. Bg5 f6 15. Bd2 Bg4 16. h3 Bh5 17. Re1 Bf7 18. Nc5 Bxc5 19. Rxc5 Qd7 20. b4 Bd5 21. Bf1 Be6 22.
Kh2 Qf7 23. Qa1 Rad8 24. a4 Nd7 25. Ra5 a6 26. Qxd4 Ne5 27. Qa1 Nc4 28. dxc4 Rxd2 29.
Qc3 Red8 30. Rc5 Qe7 31. a5 Rd1 32. Rxd1 Rxd1 33. Bg2 Bf7 34. e3 h5 35. Rf5 Qd7 36. Rf4 Qd2 37. Qxd2 Rxd2 38. c5 Kf8 39. h4 Be6 40.
Bh3 Bxh3 41. Kxh3 Ke7 42. Kg2 Rb2 43. Rd4 Ke6 44. Rd6+ Ke7 45. Rd4 Ke6 46. Kf3 g6 47. Re4+ Kd7 48. Kg2 Rb1 49. Rd4+ Ke7 50. f4 Rb2+ 51.
Kf3 f5 52. e4 Rb3+ 53. Kg2 Rb2+ 54. Kh3 fxe4 55. Rxe4+ Kf7 56. Rd4 Ke7 57. Rd6 Rxb4 58. Rxg6 Rb5 59. Rg7+ Kf6 60. Rh7 Rxc5 61. Rxb7 Rxa5 62.
Rh7 Rc5 63. Ra7 a5 64. Kg2 Kf5 65. Kh3 Ke4 66. Re7+ Kd3 67. Re5 Rxe5 68. fxe5 a4 69. e6 a3 70. e7 a2 71. e8=Q a1=Q 72. Qg6+ Kd2 73. Qd6+ Ke2 74. Qe6+ Kf2 75. Qf5+ Kg1 76. Qc5+ Kf1 77. Qc4+ Kg1 78. Qc5+ Kf1 79. Qxh5 Qc3 80. Qf5+ Ke1 81. h5 c5 82. h6 c4 83.
h7 Qd4 84. Qe6+ Kd2 85. Qxc4 Qxc4 86. h8=Q Qe6+ 87. Kh4 Ke2 88. Qh5+ Kf2 89. Qg4 Qf6+ 90.
Qg5 Qh8+ 91. Kg4 Kg2 92. Qd5+ Kg1 93. Qd1+ Kg2 94. Qd2+ Kg1 95. Kf3 Qf6+ 96. Qf4 Qc6+ 97. Kg4 Qg6+ 98. Kh4 Qh7+ 99. Kg4 Qg6+ 100. Kf3 Qc6+ 101. Qe4 Qf6+ 102. Qf4 Qc6+ 1/2-1/2

[Event "*** Titled Tuesday Blitz"]
[Site "Chess.com"]
[Date "2020.05.05"]
[Round "2"]
[White "BIG_Pirate"]
[Black "MarcoRiehle"]
[Result "0-1"]
[WhiteElo "2309"]
[BlackElo "2610"]
[TimeControl "180+1"]
[EndTime "10:21:02 PDT"]
[Termination "MarcoRiehle won on time"]

1. Nf3 c5 2. c4 Nf6 3. Nc3 d5 4. cxd5 Nxd5 5. g3 Nc6 6. Bg2 Nc7 7. O-O e5 8. a3 Be6 9. b4 f6 10. Rb1 Rb8 11. b5 Nd4 12. e3 Nxf3+ 13. Bxf3 Be7 14. b6 axb6 15. d4 cxd4 16. exd4 Qxd4 17. Qxd4 exd4 18. Bf4 dxc3 19. Bxc7 Rc8 20. Bxb6 c2 21. Ra1 Bxa3 22. Be3 Bb2 23. Bxb7 Rb8 24. Bc6+ Kf7 25. Ra7+ Kg6 26. Be4+ Bf5 27. Rxg7+ Kxg7 28. Bxf5 Rhc8 29. Bxc8 Rxc8 30. Bc1 Rb8 31. Kg2 Bc3 32. Kf3 Re8 33. Be3 Bb2 34. Bc1 Be5 35. Re1 Rd8 36. Re2 Rc8 37. Ke4 Rc3 38. f4 Bd6 39. Kd4 Bb4 40. f5 Kf7 41. Re6 Rb3 42. Rc6 Rf3 43. Rxc2 Rxf5 44. Ke4 Kg6 45. Bf4 Ra5 46. Rc4 Be7 47. Kf3 Ra3+ 48.
Kg2 Ra2+ 49. Kh3 h5 50. Rc7 Bd8 51. Rc6 Be7 52. Rc7 Bb4 53. Rc6 Bf8 54. Be5 Bg7 55.
Bf4 Re2 56. Rb6 Bf8 57. Rc6 Be7 58. Rb6 Bc5 59. Rc6 Bg1 60. g4 hxg4+ 61. Kxg4 Bxh2 62. Bxh2 Rxh2 63. Kf3 Rh3+ 64. Kf4 Rh4+ 65. Kf3 Ra4 66.
Rc8 Kg5 67. Rb8 Ra3+ 68. Kf2 f5 69. Rb4 Rc3 70. Ra4 Rh3 71. Kg2 Rh8 72. Kf2 Re8 73. Ra6 Rc8 74. Ra4 Rc2+ 75. Kf3 Rc7 76. Kf2 Rb7 77.
Kf3 Rb3+ 78. Kf2 Rh3 79. Ra5 Rh2+ 80. Kf3 Rh3+ 81. Kf2 Kg4 82. Ra8 Rh2+ 83. Kg1 Rh3 84. Kf2 Rb3 85. Ra5 f4 86. Ra8 Rb2+ 87. Kf1 Kg3 88. Ra7 Rb1+ 89. Ke2 f3+ 90. Ke3 Re1+ 0-1